 Dungeon Crawl Stone Soup version 0.31-a0-618-g7ca08c1ff9 (webtiles) character file.

Game seed: 1481146863186102675

287 crusatyr the Cleaver (level 6, -1/51 HPs)
             Began as a Hill Orc Monk on Aug 23, 2023.
             Slain by a gnoll
             ... wielding a +0 halberd
             ... led by a gnoll sergeant
              (7 damage)
             ... on level 4 of the Dungeon.
             The game lasted 00:06:36 (2923 turns).

crusatyr the Cleaver (Hill Orc Monk)                Turns: 2923, Time: 00:06:36

Health: -1/51      AC:  9    Str: 16    XL:     6   Next: 30%
Magic:  6/6        EV: 10    Int: 10    God:
Gold:   163        SH:  0    Dex: 13    Spells: 5/5 levels left

rFire   . . .        a - +0 hand axe
rCold   . . .        d - orb {light}
rNeg    . . .        e - +0 scale mail
rPois   .            q - +2 helmet
rElec   .            (no cloak)
rCorr   .            (no gloves)
SInv    .            (no boots)
Will    .....        (no amulet) Stlth
                     (no ring)
HPRegen 0.28/turn    (no ring)
MPRegen 0.10/turn

%: no passive effects
@: glowing
A: no striking features
a: no special abilities


You were on level 4 of the Dungeon.
You visited 1 branch of the dungeon, and saw 5 of its levels.

You collected 163 gold pieces.

Inventory:

Hand Weapons
 a - a +0 hand axe (weapon)
 p - a +0 whip of venom
Armour
 d - an orb of light (worn)
 e - a +0 scale mail (worn)
 q - a +2 helmet (worn)
Jewellery
 g - a ring of ice
 t - an amulet of faith
Wands
 h - a wand of polymorph (10)
Scrolls
 i - 2 scrolls of revelation {unknown}
 j - a scroll of teleportation {unknown}
 k - 3 scrolls of poison {unknown}
 l - a scroll of enchant weapon {unknown}
 m - 2 scrolls of noise {unknown}
 n - a scroll of identify {unknown}
 s - a scroll of amnesia {unknown}
 u - a scroll of silence {unknown}
Potions
 b - 2 potions of heal wounds {unknown}
 c - a potion of ambrosia
 f - a potion of might {unknown}
 o - a potion of enlightenment {unknown}
 r - a potion of brilliance {unknown}


   Skills:
 - Level 3.6 Fighting
 + Level 8.5 Axes
 + Level 2.1 Armour
 - Level 2.4 Dodging


You had 5 spell levels left.
You didn't know any spells.
Your spell library contained the following spells:

 Spells                   Type           Power      Damage    Failure   Level
 Summon Small Mammal      Summ           0%         N/A       80%         1
 Cigotuvi's Dreadful Rot  Necr/Pois/Air  0%         N/A       91%         2
 Call Canine Familiar     Summ           0%         N/A       99%         3
 Ignite Poison            Fire/Tmut/Pois 0%         N/A       99%         3
 Summon Guardian Golem    Hex/Summ       0%         N/A       99%         3
 Freezing Cloud           Conj/Ice/Air   0%         6-21      100%        5


Dungeon Overview and Level Annotations

Branches:
Dungeon (5/15)
 Temple: D:4-7

Altars:
Cheibriados
Trog


Message History

The giant cockroach barely misses you. The gnoll closely misses you.
You hit the giant cockroach.
The giant cockroach is almost dead.
The giant cockroach bites you. The gnoll barely misses you.
You barely miss the giant cockroach.
The giant cockroach is almost dead.
The adder hisses angrily.
The giant cockroach closely misses you. The gnoll sergeant barely misses you.
The gnoll completely misses you.
You hit the giant cockroach but do no damage.
The giant cockroach is almost dead.
The giant cockroach bites you but does no damage.
The gnoll hits you from afar with a +0 halberd!
The gnoll sergeant hits you from afar with a +0 spear.
The giant cockroach bites you but does no damage.
The gnoll shouts!
You hit the giant cockroach but do no damage.
The giant cockroach is almost dead.
The gnoll hits you from afar with a +0 halberd!
The gnoll sergeant barely misses you. The giant cockroach bites you.
You hit the giant cockroach.
You kill the giant cockroach!
The gnoll barely misses you.
The gnoll sergeant hits you from afar with a +0 spear.
The gnoll barely misses you. The gnoll sergeant closely misses you.
You see here a +0 spear.
The gnoll hits you but does no damage.
The gnoll sergeant hits you from afar with a +0 spear!
* * * LOW HITPOINT WARNING * * *
The gnoll sergeant misses you.
You hit the gnoll.
The gnoll is lightly wounded.
The gnoll hits you with a +0 halberd.
* * * LOW HITPOINT WARNING * * *
The gnoll sergeant hits you from afar with a +0 spear.
* * * LOW HITPOINT WARNING * * *
You hit the gnoll.
The gnoll is moderately wounded.
The gnoll hits you with a +0 halberd!
You die...

#<.............
#.#.#
#..#.........##
#....
#........###.#
#....
##.#...........
......
#.##..#.### ##
#...(.
#.##.....# .#
.....
#.##..#..##.##
#.###.#......
#.# #@# .....##
#.# #g##.#.....
#.# #gS......#
#.# #g##.#.....
#.# .g. .## ...
....# #..#
#.g## .... B.#
...## g.#


You could see a gnoll sergeant, 2 gnolls and an adder.

Vanquished Creatures
  A scorpion (D:4)
  2 hounds (D:3)
  An iguana (D:4)
  Robin (D:3)
  2 gnolls
  2 adders
  An ufetubus (D:4)
  2 dart slugs (D:3)
  3 orcs (D:4)
  5 endoplasms
  A giant cockroach (D:4)
  18 goblins
  13 hobgoblins
  7 jackals
  3 kobolds
  3 quokkas
  6 ball pythons
  3 bats
  2 frilled lizards
  5 rats
81 creatures vanquished.

Notes
Turn   | Place    | Note
-------+----------+-------------------------------------------
     0 | D:1      | crusatyr the Hill Orc Monk began the quest for the Orb.
     0 | D:1      | Reached XP level 1. HP: 19/19 MP: 1/1
   274 | D:1      | Reached XP level 2. HP: 26/26 MP: 2/2
   486 | D:1      | Reached skill level 5 in Axes
   746 | D:2      | Reached XP level 3. HP: 27/31 MP: 3/3
  1052 | D:2      | Found a bloodstained altar of Trog.
  1477 | D:3      | Reached skill level 6 in Axes
  1546 | D:3      | Found a snail-covered altar of Cheibriados.
  1584 | D:3      | Reached XP level 4. HP: 32/39 MP: 4/4
  1827 | D:3      | Noticed Robin
  1846 | D:3      | Killed Robin
  1847 | D:3      | Reached skill level 7 in Axes
  2220 | D:3      | Reached XP level 5. HP: 38/45 MP: 5/5
  2236 | D:3      | Reached skill level 8 in Axes
  2760 | D:4      | Reached skill level 1 in Armour
  2828 | D:4      | You fall into a shaft and drop 1 floor!
  2828 | D:5      | Entered Level 5 of the Dungeon
  2845 | D:4      | Reached XP level 6. HP: 50/51 MP: 6/6
  2923 | D:4      | Slain by a gnoll

Illustrated notes

Levels and vault maps discovered:
D:1:      lemuel_arrival_broad_hall, layout_basic
D:2:      layout_loops_ring, basic_altar, kennysheep_another_room,
          due_unseen_surprise
D:3:      kennysheep_goblin_castle, layout_basic, mainiacjoe_overflow_paths,
          cheibrodos_gnoll_hut
D:4:      wander_river, layout_basic, st_stairs_11
D:5:      layout_gridville, hellmonk_okawaru_the_only_friend_you_need,
          gammafunk_temple_overflow_forgotten

Skill      XL: |  1  2  3  4  5 |
---------------+----------------+-----
Axes           | 5 6 7 8 |  8.5
Armour         | 2 |  2.1
Fighting       | |  3.6
Dodging        | |  2.4

Action                     |  1- 3 |  4- 6 || total
---------------------------+-------+-------++-------
  Melee: Hand axe          |   111 |   153 ||   264
 Armour: Scale mail        |    43 |    66 ||   109
  Dodge: Dodged            |    46 |    95 ||   141

Table legend: (Time is in decaauts)
 A = Elapsed time spent in this place.
 B = Non-inter-level travel time spent in this place.
 C = Inter-level travel time spent in this place.
 D = Time resting spent in this place.
 E = Time spent auto-exploring this place.
 F = Levels seen in this place.
 G = Mean time per level.
                   A        B        C        D        E       F      G
               +--------+--------+--------+--------+--------+-----+--------+
         Total |   2917 |   2804 |    113 |      0 |   2196 |   5 |  583.4 |
       Dungeon |   2917 |   2804 |    113 |      0 |   2196 |   5 |  583.4 |
               +--------+--------+--------+--------+--------+-----+--------+

Top non-repeatable levels by time:
     D:3: 1143 daAuts
     D:2: 737 daAuts
     D:1: 690 daAuts
     D:4: 342 daAuts
     D:5: 3 daAuts
